 Dungeon Crawl Stone Soup version 0.28-b1-70-g80dc712255 (webtiles) character file.

Game seed: 7567904023501041630

10110 iguanaiguana the Warmonger (level 11, -2/92 HPs)
             Began as a Minotaur Fighter on Feb 4, 2022.
             Was a High Priest of Okawaru.
             Slain by an unseen horror (5 damage)
             ... on level 10 of the Dungeon.
             The game lasted 00:12:43 (10588 turns).

iguanaiguana the Warmonger (Minotaur Fighter)      Turns: 10588, Time: 00:12:44

Health: -2/92      AC: 10    Str: 31    XL:     11   Next: 31%
Magic:  20/20      EV: 10    Int:  9    God:    Okawaru [*****.]
Gold:   576        SH: 10    Dex: 10    Spells: 10/10 levels left

rFire   . . .      SeeInvis .   E - +9 hand axe of True Grit {venom, Int+4}
rCold   . . .      Faith    .   c - +0 buckler
rNeg    . . .      Spirit   .   n - +0 scale mail
rPois   .          Reflect  +   (helmet restricted)
rElec   .          Harm     .   (no cloak)
rCorr   +          Rampage  .   j - +0 pair of gloves
Will    .....                   w - +0 pair of boots
Stlth   ..........              y - amulet of reflection
HPRegen 0.25/turn               r - ring of resist corrosion
MPRegen 0.17/turn               x - +6 ring of strength

@: very slow
A: horns 2, retaliatory headbutt
a: Renounce Religion, Heroism, Finesse, Duel


You were on level 10 of the Dungeon.
You worshipped Okawaru.
Okawaru was extremely pleased with you.
You visited 2 branches of the dungeon, and saw 11 of its levels.
You also visited: Bailey.

You collected 576 gold pieces.

Inventory:

Hand Weapons
 a - a +0 broad axe
 b - the +6 hand crossbow of Hit Vior {elec, rN+}
   (You found it on level 4 of the Dungeon)

   Any ammunition fired from it occasionally discharges a powerful burst of
   electricity upon striking a foe.
   rN:        It protects you from negative energy.
 h - a +0 war axe
 E - the +9 hand axe of True Grit (weapon) {venom, Int+4}
   (You found it on level 2 of the Dungeon)

   It poisons the flesh of those it strikes.
   Int:       It affects your intelligence (+4).
Missiles
 o - 86 bolts
 u - 2 throwing nets (quivered)
Armour
 c - a +0 buckler (worn)
 j - a +0 pair of gloves (worn)
 n - a +0 scale mail (worn)
 w - a +0 pair of boots (worn)
Jewellery
 r - a ring of resist corrosion (left hand)
 x - a +6 ring of strength (right hand)
 y - an amulet of reflection (around neck)
 A - a ring of flight
 G - a ring of protection from cold
 H - a ring of protection from cold
 J - a ring of ice
Wands
 q - a wand of iceblast (9) {@v2}
Scrolls
 g - 2 scrolls of identify {@r1}
 l - 2 scrolls of enchant weapon
 p - 2 scrolls of fog
 s - a scroll of vulnerability
 t - a scroll of fear
 v - a scroll of brand weapon
 I - a scroll of summoning {unknown}
Potions
 d - a potion of haste {@q4}
 e - a potion of brilliance
 f - 4 potions of magic
 k - 2 potions of lignification
 m - a potion of might {@q3}
 C - 3 potions of mutation
 F - a potion of resistance {@q5}
Miscellaneous
 z - a box of beasts


   Skills:
 - Level 7.2 Fighting
 - Level 9.1 Axes
 - Level 7.2 Armour
 - Level 7.2 Shields
 + Level 13.5 Invocations


You had 10 spell levels left.
You didn't know any spells.
Your spell library was empty.

Dungeon Overview and Level Annotations

Branches:
Dungeon (10/15)            Temple (1/1) D:5            Lair (0/6) D:10
    Orc (0/2) D:9          Bailey (visited)

Altars:
Ashenzari
Cheibriados
Dithmenos
Elyvilon
Fedhas
Gozag
Hepliaklqana
Kikubaaqudgha
Makhleb
Nemelex Xobeh
Okawaru
Qazlal
Ru
Trog
Uskayaw
Vehumet
Xom
Yredelemnul
Zin
The Shining One
Beogh

Annotations:
D:9 exclusion: oklob plant
D:10 2 runed translucent doors, Josephine


Innate Abilities, Weirdness & Mutations

You have a pair of horns on your head.
You reflexively headbutt those who attack you in melee.


Message History

(D) Dungeon (T) Temple (L) Lair (O) Orcish Mines
Where to? (Enter - D:10 @ (x,y), ? - help)
What level of the Lair of Beasts? (default 1, ? - help) Sorry, I don't know how to get there.
Found a ring mail.
Found a staircase to the Lair.
You enter the shallow water.
Moving in this stuff is going to be slow.
An electric eel comes into view.
You enter the shallow water.
Moving in this stuff is going to be slow.
The electric eel shoots out a bolt of lightning at you!
The bolt of electricity hits you.
An electric eel comes into view.
Found a long sword.
The electric eel shoots out a bolt of lightning at you!
The bolt of electricity hits you.
The electric eel shoots out a bolt of lightning at you!
The bolt of electricity misses you.
The electric eel shoots out a bolt of lightning at you!
The bolt of electricity hits you!
You closely miss the electric eel. You headbutt the electric eel!
You kill the electric eel!
Okawaru accepts your kill.
You hear a splash.
The electric eel shoots out a bolt of lightning at you!
The bolt of electricity hits you!
The electric eel shoots out a bolt of lightning at you!
The bolt of electricity hits you.
You enter the shallow water.
Moving in this stuff is going to be slow.
A hound comes into view.
The hound barks!
The electric eel shoots out a bolt of lightning at you!
The bolt of electricity hits you!
A hound comes into view.
The electric eel shoots out a bolt of lightning at you!
The bolt of electricity misses you.
Your unstable footing causes you to fumble your attack.
The hound barks!
The electric eel shoots out a bolt of lightning at you!
The bolt of electricity hits you!
You are too injured to fight recklessly!
You are too injured to fight recklessly!
You are too injured to fight recklessly!
Your unstable footing causes you to fumble your attack.
The electric eel shoots out a bolt of lightning at you!
The bolt of electricity hits you!
* * * LOW HITPOINT WARNING * * *
Your unstable footing causes you to fumble your attack.
You slash the electric eel!
The electric eel is almost dead.
You slash the electric eel!
You kill the electric eel!
Okawaru accepts your kill.
A centaur warrior zombie comes into view.
You block the hound's attack. The hound closely misses you.
There is a staircase to the Lair here.
You are too injured to fight recklessly!
You are too injured to fight recklessly!
You are too injured to fight recklessly!
You are too injured to fight recklessly!
You are too injured to fight recklessly!
You are too injured to fight recklessly!
You hit the hound.
The hound is moderately wounded.
You block the hound's attack. The hound misses you.
You slash the hound!
You kill the hound!
Okawaru accepts your kill.
You slash the hound!
The hound is poisoned.
The hound closely misses you.
You slash the hound!
You kill the hound!
Okawaru accepts your kill.
A centaur warrior zombie is nearby!
Something hits you but does no damage.
Deactivating autopickup; reactivate with Ctrl-A.
Something hits you but does no damage. Something hits you but does no damage.
Something hits you but does no damage.
You see here a hound corpse.
You block something's attack. Something hits you!
* * * LOW HITPOINT WARNING * * *
Something hits you!
* * * LOW HITPOINT WARNING * * *
Something hits you but does no damage.
You see here a hound corpse.
Something hits you.
* * * LOW HITPOINT WARNING * * *
There is a staircase to the Lair, spattered with blood here.
Something hits you but does no damage.
You see here a hound corpse.
Okay, then.
Something hits you but does no damage.
You enter the shallow water.
Moving in this stuff is going to be slow.
Something hits you but does no damage. Something hits you.
You die...

*,,* **,...≈..≈≈≈.≈≈≈≈≈.....*##
,,,*****,,....≈≈.≈≈)≈≈≈≈.....,*#.
,,,,,,...,##..≈≈≈....≈≈≈Z..##....
,,,,*,....#..≈≈≈≈≈≈.≈.≈≈≈...##.##
,,,,,.....#.≈≈≈≈≈≈....≈≈≈..#,#..*
,,,,,.......≈≈≈≈≈..†...≈..≈.,..#.
*,,,,*#.....≈≈≈≈≈≈.>.≈.≈≈...*....
,,,,,,......≈≈≈≈≈≈....≈≈≈...,....
*,,*****#...≈≈≈≈@.{.≈.≈≈≈≈..,##.#
****,,,,*#..≈≈≈≈≈≈≈≈≈≈≈≈....,*##.
,**,,***,#..≈..≈≈≈≈≈≈≈≈≈...#*,#.#
***,**,*,#[....≈≈≈≈≈.≈.≈≈≈.,##...
,**,*,##,#.....≈≈≈≈≈≈.≈..≈.,.....
,**,##.#.#.#..≈.....≈.≈....*.....
****#)..##...≈......≈....,,,.#...
#'###...............,,,,.....
#####...............#..,,,,,....h


There were no monsters in sight!

Vanquished Creatures
  3 two-headed ogres
  Psyche (D:8)
  An unseen horror (D:6)
  A troll (D:10)
  Sigmund (D:2)
  A shadow (D:6)
  12 yaks
  3 wyverns
  A steam dragon (D:8)
  2 vampire mosquitoes (D:10)
  2 acid dragons
  Duvessa (D:5)
  2 water moccasins
  8 orc warriors
  2 black bears
  A sky beast (D:6)
  A hornet zombie (D:8)
  3 ice beasts
  3 ogres
  A wolf (D:9)
  A necrophage (D:6)
  2 centaurs (D:9)
  3 kobold brigands
  A scorpion (D:4)
  3 water moccasin zombies
  Dowan (D:5)
  A water moccasin skeleton (D:6)
  4 killer bees (D:8)
  5 wights
  2 howler monkeys (D:9)
  2 electric eels (D:10)
  2 centaur zombies
  10 hounds
  A gnoll shaman (D:4)
  10 orc priests
  Jessica (D:2)
  A centaur skeleton (D:6)
  Ijyb (D:5)
  2 iguanas
  4 orc wizards
  A killer bee zombie (D:8)
  2 howler monkey zombies (D:9)
  5 adders
  12 gnolls
  A shadow imp (D:8)
  2 white imps
  2 worms (D:2)
  3 dart slugs
  25 orcs
  4 bats (D:3)
  4 endoplasms
  5 giant cockroaches
  8 goblins
  6 hobgoblins
  2 jackals (D:2)
  21 kobolds
  3 quokkas
  5 ball pythons
  2 frilled lizards
  5 rats
225 creatures vanquished.

Vanquished Creatures (others)
  A kobold brigand (Bailey)
1 creature vanquished.

Grand Total: 226 creatures vanquished

Notes
Turn   | Place    | Note
-------+----------+-------------------------------------------
     0 | D:1      | iguanaiguana the Minotaur Fighter began the quest for the
                  | Orb.
     0 | D:1      | Reached XP level 1. HP: 19/19 MP: 0/0
   263 | D:1      | Reached XP level 2. HP: 24/27 MP: 1/1
   682 | D:2      | Noticed Jessica
   689 | D:2      | Killed Jessica
   690 | D:2      | Reached XP level 3. HP: 22/33 MP: 2/2
  1006 | D:2      | Reached XP level 4. HP: 39/40 MP: 3/3
  1043 | D:2      | Noticed Sigmund
  1064 | D:2      | Killed Sigmund
  1065 | D:2      | Reached XP level 5. HP: 21/47 MP: 4/4
  1270 | D:2      | Reached skill level 5 in Axes
  1281 | D:2      | Identified the +9 hand axe of True Grit {venom, Int+4}
  1888 | D:3      | Found a faded altar of an unknown god.
  2095 | D:3      | Reached XP level 6. HP: 51/55 MP: 5/5
  2328 | D:4      | Identified the +6 hand crossbow of Hit Vior {elec, rN+}
  2528 | D:4      | Noticed an acid dragon
  2535 | D:4      | Killed an acid dragon
  2536 | D:4      | Reached skill level 5 in Fighting
  2536 | D:4      | Reached skill level 5 in Armour
  2536 | D:4      | Reached skill level 5 in Shields
  3107 | D:4      | Reached XP level 7. HP: 61/61 MP: 6/6
  3319 | D:5      | Entered Level 5 of the Dungeon
  3325 | D:5      | Noticed Ijyb
  3366 | D:5      | Killed Ijyb
  3544 | D:5      | Found a staircase to the Ecumenical Temple.
  4121 | D:5      | Reached XP level 8. HP: 42/70 MP: 7/7
  4447 | D:5      | Noticed Duvessa
  4447 | D:5      | Noticed Dowan
  4456 | D:5      | Killed Duvessa
  4463 | D:5      | Killed Dowan
  4611 | Temple   | Entered the Ecumenical Temple
  4791 | Temple   | Became a worshipper of Warmaster Okawaru
  5510 | D:6      | Reached * piety under Okawaru
  5530 | D:6      | Killed an unseen horror
  5531 | D:6      | Reached skill level 2 in Invocations
  5531 | D:6      | Reached XP level 9. HP: 48/79 MP: 7/10
  5689 | D:6      | Noticed a two-headed ogre
  5696 | D:6      | Reached skill level 3 in Invocations
  5703 | D:6      | Killed a two-headed ogre
  5703 | D:6      | Reached ** piety under Okawaru
  5704 | D:6      | Reached skill level 5 in Invocations
  6069 | D:6      | Reached skill level 6 in Invocations
  6353 | D:7      | Reached skill level 7 in Invocations
  6567 | D:7      | Found a shimmering altar of Xom.
  6647 | D:7      | Noticed an eight-headed hydra
  6998 | D:8      | Reached skill level 8 in Invocations
  7115 | D:8      | Found a radiant altar of Vehumet.
  7241 | D:8      | Reached *** piety under Okawaru
  7379 | D:8      | Noticed Psyche
  7455 | D:8      | Killed Psyche
  7456 | D:8      | Reached XP level 10. HP: 76/86 MP: 12/15
  7553 | D:8      | Reached skill level 9 in Invocations
  8046 | D:8      | Reached skill level 10 in Invocations
  8188 | D:8      | Identified the +1 leather armour "Ynaurph" {Dex+4}
  8207 | D:8      | Found a glowing silver altar of Zin.
  8301 | D:9      | Reached **** piety under Okawaru
  8303 | D:9      | Reached skill level 11 in Invocations
  8520 | D:9      | Noticed a two-headed ogre
  8533 | D:9      | Killed a two-headed ogre
  8621 | D:9      | Found a staircase to the Orcish Mines.
  8636 | D:9      | Reached skill level 12 in Invocations
  8762 | D:9      | Noticed a two-headed ogre
  8772 | D:9      | Killed a two-headed ogre
  8773 | D:9      | Reached XP level 11. HP: 69/92 MP: 19/19
  8912 | D:9      | Reached ***** piety under Okawaru
  9554 | D:9      | Found a blossoming altar of Fedhas.
  9573 | D:9      | Noticed an oklob plant
  9776 | D:10     | Entered Level 10 of the Dungeon
  9820 | D:10     | Reached skill level 13 in Invocations
  9849 | D:10     | Received a gift from Okawaru
  9927 | D:10     | Found a flagged portal.
 10048 | Bailey   | Entered a bailey
 10136 | Bailey   | Noticed an orc knight
 10237 | D:10     | Noticed Josephine
 10525 | D:10     | Found a large runed translucent door.
 10525 | D:10     | Found a large runed translucent door.
 10530 | D:10     | Noticed a purple ugly thing
 10530 | D:10     | Noticed a five-headed hydra
 10552 | D:10     | Found a staircase to the Lair.
 10584 | D:10     | HP: 2/92 [something (6)]
 10588 | D:10     | Slain by an unseen horror

Illustrated notes

Levels and vault maps discovered:
D:1:      minmay_arrival_split_and_join, layout_rooms, st_stairs_14,
          hangedman_decor_clover_reticule, corexii_item_surrounded_by_moat
D:2:      layout_basic, chequers_hall_statues_corner_a, uniq_jessica,
          uniq_sigmund
D:3:      layout_loops_ring, hellmonk_ecumenical_altar_heavens_door
D:4:      layout_basic, patterned_corridor
D:5:      layout_loops_ring, minmay_temple_entry_waves, uniq_duvessa, uniq_ijyb
D:6:      nicolae_BIG_FREAKIN_CUBE, layout_basic, hangedman_minor_gate_pass
D:7:      layout_rooms, lemuel_round_altar, pdpol_wu_jian_five_deadly_venoms,
          minmay_microvault
D:8:      layout_rooms, zin_treasury, mainiacjoe_overflow_cross_hatched,
          special_room [special_room_orc], nicolae_fountain_basement,
          uniq_psyche
D:9:      layout_loops_cross, tgw_fedhas, orc_0_dummy, st_stairs_4
D:10:     layout_layer_cave, nicolae_sif_muna_little_library, erik_lair_island,
          enter_bailey_3, minmay_hollow_rounded_squares, uniq_josephine
Temple:   regret_index_temple_sphere_string

Skill      XL: |  1  2  3  4  5  6  7  8  9 10 11 |
---------------+----------------------------------+-----
Axes           | 3 4 5 6 7 9 |  9.1
Fighting       | 4 5 6 7 |  7.2
Armour         | 4 5 6 7 |  7.2
Shields        | 4 5 6 7 |  7.2
Invocations    | 2 8 12 13 | 13.5

Action                   |  1- 3 |  4- 6 |  7- 9 | 10-12 || total
-------------------------+-------+-------+-------+-------++-------
Melee: War axe           |    59 |    19 |       |       ||    78
       Headbutt          |     7 |     6 |    35 |    42 ||    90
       Hand axe          |       |    52 |   164 |   206 ||   422
       Unarmed           |       |       |     1 |       ||     1
 Fire: Hand crossbow     |       |     3 |       |     3 ||     6
Invok: Heroism           |       |       |     1 |     2 ||     3
  Use: Potion            |       |     4 |       |     2 ||     6
       Scroll            |       |     3 |     4 |    10 ||    17
Armor: Scale mail        |    28 |    46 |    50 |    50 ||   174
       Skin              |       |       |     4 |       ||     4
Dodge: Dodged            |    27 |    22 |    56 |    83 ||   188
Block: Buckler           |    13 |    12 |    60 |   106 ||   191
       Reflection        |       |       |       |     8 ||     8
